 Dungeon Crawl Stone Soup version 0.31-a0-219-g8d62b2e7bb (webtiles) character file.

Game seed: 15440786880190545909

127 lessens the Cudgeller (level 5, -1/48 HPs)
             Began as an Ogre Hexslinger on July 4, 2023.
             Slain by a gnoll
             ... wielding a +3 hammer of protection
              (9 damage)
             ... on level 3 of the Dungeon.
             The game lasted 00:03:26 (2281 turns).

lessens the Cudgeller (Ogre Hexslinger)             Turns: 2281, Time: 00:03:27

Health: -1/48      AC:  3    Str: 11 (14) XL:     5   Next: 11%
Magic:  6/6        EV:  9    Int: 13 (14) God:
Gold:   205        SH:  0    Dex: 10 (11) Spells: 5/6 levels left

rFire   . . .        j - +0 flail
rCold   . . .        (no shield)
rNeg    . . .        c - +0 robe
rPois   .            (helmet restricted)
rElec   .            (no cloak)
rCorr   .            (gloves unavailable)
SInv    .            (boots unavailable)
Will    .....        (no amulet)
Stlth   +            (no ring)
HPRegen 0.28/turn    (no ring)
MPRegen 0.10/turn

%: no passive effects
@: no status effects
A: large, unfitting armour, tough skin 1
a: no special abilities


You were on level 3 of the Dungeon.
You visited 1 branch of the dungeon, and saw 3 of its levels.

You collected 205 gold pieces.

Inventory:

Hand Weapons
 a - a +1 sling
 j - a +0 flail (weapon)
Missiles
 d - 4 javelins
 g - 2 atropa-tipped darts
 h - 37 stones
Armour
 c - a +0 robe (worn)
 n - a +0 hat
Jewellery
 m - a ring of flight
Scrolls
 b - a scroll of poison
 e - a scroll of vulnerability {unknown}
 f - a scroll of identify {unknown}
 i - a scroll of blinking {unknown}
 k - a scroll of fog {unknown}
 l - a scroll of enchant weapon {unknown}
 p - a scroll of teleportation {unknown}
Potions
 o - 2 potions of lignification {unknown}


   Skills:
 - Level 1.3 Fighting
 + Level 4.1 Maces & Flails
 - Level 1.3 Ranged Weapons
 - Level 1.7 Dodging
 - Level 1.2 Spellcasting
 - Level 2.6 Hexes


You had 5 spell levels left.
You knew the following spells:

 Your Spells              Type           Power      Damage    Failure   Level
a - Slow                  Hex            28%        N/A       10%         1

Your spell library contained the following spells:

 Spells                   Type           Power      Damage    Failure   Level
 Inner Flame              Hex/Fire       4%         N/A       43%         3
 Portal Projectile        Hex/Tloc       8%         N/A       43%         3
 Gell's Gravitas          Tloc           0%         N/A       63%         3
 Stone Arrow              Conj/Erth      0%         3d7       63%         3
 Teleport Other           Tloc           0%         N/A       63%         3
 Cause Fear               Hex            3%         N/A       67%         4
 Animate Armour           Summ/Erth      0%         N/A       95%         4
 Alistair's Intoxication  Tmut/Pois      0%         N/A       100%        5
 Borgnjor's Vile Clutch   Necr/Erth      0%         N/A       100%        5
 Dispersal                Tloc           0%         N/A       100%        6
 Eringya's Noxious Bog    Tmut/Pois      0%         N/A       100%        6
 Lehudib's Crystal Spear  Conj/Erth      0%         10d2      100%        8


Dungeon Overview and Level Annotations

Branches:
Dungeon (3/15) Zot: 15642

Altars:

Shops:
D:2 [


Innate Abilities, Weirdness & Mutations

You are too large for most types of armour.
You have tough skin. (AC +1)


Message History

You shoot a sling bullet. The sling bullet hits the gnoll.
You kill the gnoll!
No target in view!
p - a scroll labelled MUAMAA KORO You now have 205 gold pieces (gained 16).
Things that are here:
a +0 whip; a gnoll corpse A gnoll is nearby!
You shoot a sling bullet.
The sling bullet hits the gnoll but does no damage.
You shoot a sling bullet.
The sling bullet barely misses the gnoll.
You shoot a sling bullet.
The sling bullet hits the gnoll but does no damage.
You shoot a sling bullet.
The sling bullet hits the gnoll but does no damage.
j - a +0 flail (weapon)
The gnoll barely misses you.
You hit the gnoll but do no damage.
The gnoll hits you with a +3 hammer of protection!
You hit the gnoll but do no damage.
The gnoll hits you with a +3 hammer of protection.
You barely miss the gnoll.
The gnoll hits you with a +3 hammer of protection!
You hit the gnoll but do no damage. The gnoll completely misses you.
You closely miss the gnoll. The gnoll hits you but does no damage.
The gnoll closely misses you.
You barely miss the gnoll.
The gnoll hits you with a +3 hammer of protection.
You closely miss the gnoll.
The gnoll hits you with a +3 hammer of protection!
You barely miss the gnoll. The gnoll closely misses you.
You closely miss the gnoll. The gnoll closely misses you.
You closely miss the gnoll.
The gnoll hits you with a +3 hammer of protection.
The gnoll hits you with a +3 hammer of protection!
* * * LOW HITPOINT WARNING * * *
You hit the gnoll but do no damage.
The gnoll hits you with a +3 hammer of protection!
You die...

#.......###### #............. .
#......####### .. #.............
... ####.....#####.# ....
#...†....# #.# .....
#....<..######..
......###...............
.......@................
####...........g##..###..........
................ #.## #..........
...............###.# #..........
............... #.)# ..........
............... #.## ##.#.....
.................. #.#..#..
.......g.......##. #.....
.##.#.#g###### #. ...###


You could see a gnoll.

Vanquished Creatures
  Jessica (D:2)
  3 gnolls
  A worm (D:2)
  A dart slug (D:3)
  4 orcs
  4 endoplasms
  2 giant cockroaches (D:1)
  6 goblins
  7 hobgoblins
  3 jackals (D:2)
  7 kobolds
  7 ball pythons
  9 bats
  2 frilled lizards
  2 rats
59 creatures vanquished.

Notes
Turn   | Place    | Note
-------+----------+-------------------------------------------
     0 | D:1      | lessens the Ogre Hexslinger began the quest for the Orb.
     0 | D:1      | Reached XP level 1. HP: 19/19 MP: 2/2
    53 | D:1      | Reached skill level 1 in Maces & Flails
    91 | D:1      | Reached XP level 2. HP: 27/27 MP: 3/3
   170 | D:1      | Reached skill level 2 in Maces & Flails
   313 | D:1      | Reached XP level 3. HP: 23/33 MP: 4/4
   956 | D:2      | Reached skill level 3 in Maces & Flails
  1012 | D:2      | Found Fyubuf's Antique Armour Shop.
  1032 | D:2      | Noticed Jessica
  1035 | D:2      | Killed Jessica
  1036 | D:2      | Reached XP level 4. HP: 35/41 MP: 5/5
  2111 | D:3      | Reached skill level 4 in Maces & Flails
  2163 | D:3      | Reached XP level 5. HP: 48/48 MP: 6/6
  2281 | D:3      | Slain by a gnoll

Illustrated notes

Levels and vault maps discovered:
D:1:      wander_arrival_fairy_ring, layout_basic, minivault_19
D:2:      layout_basic, serial_shops, nicolae_shop_peninsula, uniq_jessica
D:3:      layout_basic, nicolae_tso_carved_into_rock,
          shapermc_ecumenical_altar_pompeii, lexackson_kobold_supper,
          uniq_crazy_yiuf_cottage

Skill      XL: |  1  2  3  4 |
---------------+-------------+-----
Maces & Flails | 1 2 3 4 |  4.1
Fighting       | |  1.3
Ranged Weapons | |  1.3
Dodging        | |  1.7
Spellcasting   | |  1.2
Hexes          | |  2.6

Action                     |  1- 3 |  4- 6 || total
---------------------------+-------+-------++-------
  Melee: Flail             |       |    11 ||    11
   Fire: Sling             |   124 |    90 ||   214
   Cast: Slow              |     6 |       ||     6
    Use: Potion            |       |     1 ||     1
 Armour: Robe              |    24 |    10 ||    34
  Dodge: Dodged            |    55 |    39 ||    94

Table legend: (Time is in decaauts)
 A = Elapsed time spent in this place.
 B = Non-inter-level travel time spent in this place.
 C = Inter-level travel time spent in this place.
 D = Time resting spent in this place.
 E = Time spent auto-exploring this place.
 F = Levels seen in this place.
 G = Mean time per level.
                   A        B        C        D        E       F      G
               +--------+--------+--------+--------+--------+-----+--------+
         Total |   2355 |   2238 |    117 |    188 |   1641 |   3 |  785.0 |
       Dungeon |   2355 |   2238 |    117 |    188 |   1641 |   3 |  785.0 |
               +--------+--------+--------+--------+--------+-----+--------+

Top non-repeatable levels by time:
     D:2: 1161 daAuts
     D:1: 902 daAuts
     D:3: 291 daAuts

Levels and vault maps discovered:
D:1:      wander_arrival_fairy_ring, layout_basic, minivault_19
D:2:      layout_basic, serial_shops, nicolae_shop_peninsula, uniq_jessica
D:3:      layout_basic, nicolae_tso_carved_into_rock,
          shapermc_ecumenical_altar_pompeii, lexackson_kobold_supper,
          uniq_crazy_yiuf_cottage
